 Dungeon Sprint DCSS version 0.19.4-9-g45fd643 (webtiles) character file.

268 equalderp2856 the Chopper (level 6, -1/46 HPs)
             Began as an Octopode Fighter on Feb 19, 2017.
             Shot with an arrow by a centaur (4 damage)
             ... in the Dungeon (Sprint IX: "|||||||||||||||||||||||||||||").
             The game lasted 00:00:34 (501 turns).

equalderp2856 the Chopper (Octopode Fighter)         Turns: 501, Time: 00:00:35

Health: -1/46      AC:  1    Str: 16    XL:     6   Next: 21%
Magic:  6/6        EV: 15    Int: 10    God:
Gold:   0          SH: 10    Dex: 13    Spells: 0 memorised, 5 levels left

rFire  . . .     SeeInvis .     a - +0 war axe
rCold  . . .     Gourm    .     b - +0 shield
rNeg   . . .     Faith    .     (helmet restricted)
rPois  .         Spirit   .     (no amulet)
rElec  .         Reflect  .     (no ring)
rCorr  .         Harm     .     (no ring)
MR     .....     NoTele   +     (no ring)
Stlth  ++++......               (no ring)
                                (no ring)
                                (no ring)
                                (no ring)
                                (no ring)

@: no status effects
A: almost no armour, stealthy swim, amphibious, 8 rings, constrict 8, camouflage
1, gelatinous body 1
a: no special abilities


You were in the Dungeon.
You were not hungry.

You visited 1 branch

Inventory:

Hand Weapons
 a - a +0 war axe (weapon)
Armour
 b - a +0 shield (worn)
Jewellery
 o - a +3 ring of strength
 p - a +3 ring of dexterity
Wands
 n - a wand of iceblast (7/15)
Scrolls
 j - 2 scrolls of blinking
 l - 3 scrolls of remove curse
 m - 2 scrolls of amnesia
Potions
 c - a potion of might
 e - 5 potions of curing
 f - 3 potions of heal wounds
 g - a potion of haste
 h - 4 potions of magic
 i - a potion of berserk rage
 k - a potion of invisibility
Comestibles
 d - a bread ration


   Skills:
 + Level 6.2 Fighting
 + Level 6.9 Axes
 + Level 6.6 Dodging
 + Level 5.7 Stealth
 + Level 6.0 Shields


You had 5 spell levels left.
You didn't know any spells.

Dungeon Overview and Level Annotations

Branches:
Dungeon (1/1)

Altars:
Cheibriados
Dithmenos
Elyvilon
Fedhas
Gozag
Hepliaklqana
Kikubaaqudgha
Makhleb
Nemelex Xobeh
Okawaru
Qazlal
Ru
Sif Muna
Trog
Uskayaw
Vehumet
Xom
Yredelemnul
Zin
The Shining One
Beogh
Jiyva
Lugonu


Innate Abilities, Weirdness & Mutations

You cannot wear most types of armour.
You are very stealthy in the water. (Stealth+)
You are amphibious.
You can wear up to eight rings at the same time.
You can use your tentacles to constrict eight enemies at once.
Your skin changes colour to match your surroundings (Stealth+).
Your rubbery body absorbs attacks. (AC +1, EV +1)


Message History

* * * LOW HITPOINT WARNING * * *
Your shield prevents you from hitting the yak.
You squeeze the yak!
The yak is almost dead.
The yak barely misses you.
You barely miss the yak. You squeeze the yak.
You kill the yak!
Your Fighting skill increases to level 6!
Your Axes skill increases to level 6!
Your Dodging skill increases to level 6!
Your Stealth skill gained 2 levels and is now at level 5!
Your Shields skill increases to level 6!
You have reached level 6!
Your experience leads to an increase in your attributes!
Increase (S)trength, (I)ntelligence, or (D)exterity?
You feel agile.
The centaur wields a shortbow.
The centaur shoots an arrow.
The arrow hits you!
* * * LOW HITPOINT WARNING * * *
The centaur shoots an arrow.
The arrow hits you.
You die... ▓▓▓▓▓▓▓▓▓▓▓▓▓▓▓▓▓▓▓▓▓▓▓▓ +...Hc†@..[[[)|..'._____ ▓▓▓▓▓▓▓▓▓▓▓▓▓▓▓▓▓▓▓▓▓▓▓▓

You could see a hippogriff and a centaur.

Vanquished Creatures
  A yak (D)
  A crimson imp (D)
  A hound (D)
  An iguana (D)
  An adder (D)
  2 shadow imps (D)
  A dart slug (D)
  3 giant cockroaches (D)
  A kobold (D)
  A bat (D)
  A rat (D)
14 creatures vanquished.

Vanquished Creatures (others)
  A spatial maelstrom (D)
1 creature vanquished.

Grand Total: 15 creatures vanquished

Notes
Turn   | Place    | Note
-------+----------+-------------------------------------------
     0 | D        | equalderp2856 the Octopode Fighter began the quest for the Orb.
     0 | D        | Reached XP level 1. HP: 16/16 MP: 1/1
     5 | D        | Banished a spatial maelstrom
    15 | D        | Reached XP level 2. HP: 19/21 MP: 2/2
    18 | D        | Noticed a crimson imp
    27 | D        | Reached skill level 1 in Stealth
    27 | D        | Reached XP level 3. HP: 16/27 MP: 3/3
    29 | D        | Reached XP level 4. HP: 6/34 MP: 4/4
   440 | D        | Found a roughly hewn altar of Beogh.
   440 | D        | Found a snail-covered altar of Cheibriados.
   440 | D        | Found a shadowy altar of Dithmenos.
   440 | D        | Found a white marble altar of Elyvilon.
   440 | D        | Found a blossoming altar of Fedhas.
   440 | D        | Found an opulent altar of Gozag.
   441 | D        | Found a hazy altar of Hepliaklqana.
   442 | D        | Found a viscous altar of Jiyva.
   443 | D        | Found an ancient bone altar of Kikubaaqudgha.
   444 | D        | Found a corrupted altar of Lugonu.
   445 | D        | Found a burning altar of Makhleb.
   446 | D        | Found a sparkling altar of Nemelex Xobeh.
   447 | D        | Found an iron altar of Okawaru.
   448 | D        | Found a stormy altar of Qazlal.
   449 | D        | Found a sacrificial altar of Ru.
   450 | D        | Found a deep blue altar of Sif Muna.
   451 | D        | Found a bloodstained altar of Trog.
   452 | D        | Found a hide-covered altar of Uskayaw.
   453 | D        | Found a radiant altar of Vehumet.
   454 | D        | Found a shimmering altar of Xom.
   455 | D        | Found a basalt altar of Yredelemnul.
   456 | D        | Found a glowing silver altar of Zin.
   457 | D        | Found a glowing golden altar of the Shining One.
   482 | D        | Noticed a hippogriff
   482 | D        | Noticed a centaur
   482 | D        | Noticed a yak
   491 | D        | Reached skill level 5 in Fighting
   491 | D        | Reached skill level 5 in Dodging
   491 | D        | Reached skill level 5 in Shields
   494 | D        | Reached skill level 5 in Axes
   494 | D        | Reached XP level 5. HP: 27/39 MP: 5/5
   501 | D        | Killed a yak
   501 | D        | Reached skill level 5 in Stealth
   501 | D        | Reached XP level 6. HP: 9/46 MP: 6/6
   501 | D        | Shot with an arrow by a centaur

Skill      XL: |  1  2  3  4  5 |
---------------+----------------+-----
Dodging        | 4 5 6 |  6.6
Shields        | 4 5 6 |  6.0
Fighting       | 4 5 6 |  6.2
Axes           | 3 5 6 |  6.9
Stealth        | 1 2 3 5 |  5.7

Action                   |  1- 3 |  4- 6 || total
-------------------------+-------+-------++-------
Melee: War axe           |    15 |    18 ||    33
       Constrict         |     5 |     3 ||     8
       Tentacles         |     3 |     9 ||    12
 Stab: Sleeping          |     3 |     1 ||     4
Armor: Skin              |       |     1 ||     1
Dodge: Dodged            |     2 |    14 ||    16
Block: Shield            |     8 |     4 ||    12
